[ AOE2 MATCH · #505515494 ]
UnrankedCumans vs Britons
Player's team · LOSS
Rival team · WIN
[ REPLAY ANALYSIS · EXTRACTED FROM THE RECORDED GAME ]
Feudal
10:22
Castle
—
Imperial
—
| APM avg | 47.8 |
| APM peak | 84 |
| eAPM avg | 25.0 |
| Villagers / military | 35 / 3 |
Focus
⚔️ 23.2% · 🌾 76.8%
Scout Cavalry ×3
Feudal
12:36
Castle
—
Imperial
—
| APM avg | 52.6 |
| APM peak | 103 |
| eAPM avg | 26.0 |
| Villagers / military | 31 / 5 |
Focus
⚔️ 56.9% · 🌾 43.1%
Militia ×5
Match map
Initial resources + every placement click. Lines = walls · curves = elevation contours. ◆ gold · ⬟ stone · ● berries · ✦ relic · ◌ wall gap
Your base· Open — unwalled flank
Dr. Wiley!!!'s base· Open — 5t gap
Smoothed initial terrain · ◌ = detected wall gap · hover for details
Inputs per minute
— boanaan - - Dr. Wiley!!!
Build order — boanaan
60 actions detected in the replay
| 0:01 | Create | Villager (Male) |
| 0:02 | Build | House |
| 0:04 | Build | House |
| 0:17 | Create | Villager (Male) |
| 0:17 | Create | Villager (Male) |
| 0:24 | Create | Villager (Male) |
| 1:30 | Create | Villager (Male) |
| 1:46 | Build | Lumber Camp |
| 1:59 | Create | Villager (Male) |
| 2:29 | Create | Villager (Male) |
| 2:29 | Create | Villager (Male) |
| 2:53 | Create | Villager (Male) |
| 2:53 | Create | Villager (Male) |
| 3:31 | Create | Villager (Male) |
| 4:01 | Build | House |
| 4:07 | Create | Villager (Male) |
| 4:07 | Create | Villager (Male) |
| 4:07 | Create | Villager (Male) |
| 4:45 | Build | Mill |
| 4:49 | Create | Villager (Male) |
| 4:50 | Create | Villager (Male) |
| 5:00 | Research | Loom |
| 5:19 | Create | Villager (Male) |
| 5:39 | Create | Villager (Male) |
| 5:42 | Build | Palisade Wall |
| 5:59 | Create | Villager (Male) |
| 6:12 | Build | Palisade Wall |
| 6:39 | Create | Villager (Male) |
| 7:07 | Create | Villager (Male) |
| 7:22 | Build | House |
| 7:38 | Create | Villager (Male) |
| 8:07 | Research | Feudal Age |
| 8:48 | Build | House |
| 9:53 | Build | Barracks |
| 10:07 | Create | Villager (Male) |
| 10:22 | Age | Feudal Age |
| 10:26 | Research | Double-Bit Axe |
| 10:31 | Create | Villager (Male) |
| 11:18 | Build | Town Center |
| 11:20 | Create | Villager (Male) |
| 11:53 | Build | Town Center |
| 11:55 | Create | Villager (Male) |
| 12:10 | Build | Stable |
| 12:19 | Create | Villager (Male) |
| 12:41 | Build | Palisade Wall |
| 12:44 | Create | Villager (Male) |
| 12:57 | Build | Mill |
| 13:01 | Create | Villager (Male) |
| 13:07 | Create | Villager (Male) |
| 13:22 | Create | Scout Cavalry |
| 13:24 | Build | House |
| 13:28 | Build | Farm |
| 13:34 | Create | Villager (Male) |
| 13:45 | Create | Villager (Male) |
| 13:47 | Create | Villager (Male) |
| 13:51 | Create | Scout Cavalry |
| 13:52 | Create | Scout Cavalry |
| 14:19 | Create | Villager (Male) |
| 14:47 | Build | Palisade Wall |
| 15:02 | Create | Villager (Male) |
Build order — Dr. Wiley!!!
79 actions detected in the replay
| 0:00 | Create | Villager (Male) |
| 0:01 | Create | Villager (Male) |
| 0:02 | Build | House |
| 0:04 | Build | House |
| 0:09 | Create | Villager (Male) |
| 0:14 | Create | Villager (Male) |
| 1:13 | Create | Villager (Male) |
| 1:38 | Create | Villager (Male) |
| 2:14 | Create | Villager (Male) |
| 2:40 | Create | Villager (Male) |
| 2:58 | Create | Villager (Male) |
| 3:14 | Build | Barracks |
| 3:22 | Build | Palisade Wall |
| 3:23 | Build | Palisade Wall |
| 3:24 | Build | Palisade Wall |
| 3:33 | Create | Villager (Male) |
| 3:41 | Create | Villager (Male) |
| 3:49 | Build | House |
| 4:02 | Build | House |
| 4:06 | Create | Villager (Male) |
| 4:15 | Create | Militia |
| 4:24 | Build | House |
| 4:27 | Build | House |
| 4:34 | Create | Militia ×2 |
| 4:47 | Create | Villager (Male) |
| 5:11 | Build | House |
| 5:18 | Build | House |
| 5:19 | Create | Villager (Male) |
| 5:21 | Create | Villager (Male) |
| 5:42 | Create | Militia |
| 5:51 | Build | House |
| 5:58 | Create | Villager (Male) |
| 6:02 | Build | House |
| 6:04 | Create | Villager (Male) |
| 6:24 | Create | Villager (Male) |
| 6:26 | Build | Palisade Wall |
| 6:30 | Build | Palisade Wall |
| 6:31 | Build | Palisade Wall |
| 6:35 | Create | Villager (Male) |
| 6:45 | Create | Villager (Male) |
| 6:59 | Create | Villager (Male) |
| 7:03 | Build | House |
| 7:08 | Create | Villager (Male) |
| 7:33 | Create | Militia |
| 7:35 | Create | Villager (Male) |
| 7:53 | Build | Mill |
| 7:58 | Build | Palisade Wall |
| 8:04 | Create | Villager (Male) |
| 8:37 | Build | House |
| 8:38 | Build | Palisade Wall |
| 8:41 | Create | Villager (Male) |
| 9:03 | Create | Villager (Male) |
| 9:18 | Build | House |
| 9:19 | Build | Palisade Wall |
| 9:28 | Research | Loom |
| 9:44 | Build | Lumber Camp |
| 9:50 | Create | Villager (Male) |
| 9:58 | Build | Palisade Wall |
| 10:05 | Build | Palisade Wall |
| 10:11 | Research | Feudal Age |
| 10:22 | Build | Palisade Wall |
| 10:39 | Build | Mining Camp |
| 11:07 | Build | Palisade Wall |
| 11:11 | Build | Palisade Wall |
| 12:00 | Create | Villager (Male) |
| 12:11 | Create | Villager (Male) |
| 12:17 | Build | House |
| 12:36 | Age | Feudal Age |
| 12:40 | Build | Market |
| 12:55 | Build | Blacksmith |
| 13:09 | Create | Villager (Male) |
| 13:16 | Research | Arson |
| 13:16 | Research | Arson |
| 13:17 | Create | Villager (Male) |
| 13:29 | Build | House |
| 13:48 | Research | Castle Age |
| 14:07 | Research | Double-Bit Axe |
| 14:08 | Research | Double-Bit Axe |
| 14:59 | Build | Lumber Camp |
Match timeline
| 3:14 | Dr. Wiley!!! · first_building Barracks |
| 3:22 | Dr. Wiley!!! · wall_segment Palisade Wall x1 |
| 3:23 | Dr. Wiley!!! · wall_segment Palisade Wall x1 |
| 3:24 | Dr. Wiley!!! · wall_segment Palisade Wall x1 |
| 5:42 | boanaan · wall_segment Palisade Wall x2 |
| 6:12 | boanaan · wall_segment Palisade Wall x1 |
| 6:26 | Dr. Wiley!!! · wall_segment Palisade Wall x1 |
| 6:30 | Dr. Wiley!!! · wall_segment Palisade Wall x1 |
| 6:31 | Dr. Wiley!!! · wall_segment Palisade Wall x1 |
| 7:58 | Dr. Wiley!!! · wall_segment Palisade Wall x1 |
| 8:38 | Dr. Wiley!!! · wall_segment Palisade Wall x1 |
| 9:19 | Dr. Wiley!!! · wall_segment Palisade Wall x1 |
| 9:53 | boanaan · first_building Barracks |
| 9:58 | Dr. Wiley!!! · wall_segment Palisade Wall x6 |
| 10:05 | Dr. Wiley!!! · wall_segment Palisade Wall x1 |
| 10:22 | boanaan · age_up feudal |
| 10:22 | Dr. Wiley!!! · wall_segment Palisade Wall x9 |
| 11:07 | Dr. Wiley!!! · wall_segment Palisade Wall x9 |
| 11:11 | Dr. Wiley!!! · wall_segment Palisade Wall x6 |
| 12:10 | boanaan · first_building Stable |
| 12:36 | Dr. Wiley!!! · age_up feudal |
| 12:41 | boanaan · wall_segment Palisade Wall x1 |
| 13:41 | Dr. Wiley!!! · first_market_sell 100 stone |
| 13:42 | Dr. Wiley!!! · first_market_buy 100 food |
| 14:47 | boanaan · wall_segment Palisade Wall x1 |
| 15:08 | boanaan · resign |
[ AI ANALYSIS · 1 CREDIT ]
What really happened in this match?
Wolo.gg analyzes every decision: build order, eco, micro, common mistakes by bracket. Personalized analysis on WhatsApp or Discord in 30 seconds.
Civ guide
Cumans
Perfil
boanaan